Unix NetHack Version 3.7.0-101 Work-in-progress - last build Mar 4 2024 02:26:32 (3c4ac04b664b9ee0831c739617f054b5b60dbfd1,branch:master). Game began 2024-03-08 08:55:28, ended 2024-03-08 13:31:48. elenmirie, neutral female gnomish Archeologist ----------- |.......... -------------- ###.....<....| |((*!.(=!=??)| # |.......... |*[=%!%)+%[)%| ## -.------.-- |!%%.)?))??)=| ## |)%??@m!?%(!)| # |@...........| # -|------------ ### ##### # ## # # #### # -.-------.-- ## |..........| ### |..........-###### |..........| ------------ Elenmirie the Field Worker St:9 Dx:12 Co:12 In:16 Wi:18 Ch:10 Neutral Dlvl:4 $:0 HP:0(29) Pw:32(32) AC:6 Xp:4/80 T:2085 Burdened Latest messages: You have a little trouble lifting A - a tripe ration (unpaid, 40 zorkmids). What do you want to use or apply? [agrtwx or ?*] w You have a little trouble removing $ - 1159 gold pieces (1168 in total). A tripe ration for 40 zorkmids. Pay? [yn] (n) y You bought a tripe ration for 40 gold pieces. "Thank you for shopping in Abitibi's general store!" What do you want to eat? [dqA or ?*] ? This food really hits the spot! You finish eating the food ration. You see here a food ration (for sale, 60 zorkmids). You see here a brilliant blue potion (for sale, 200 zorkmids). (For instructions type a '?') Call a brilliant blue potion: 152 bb You see here a tripe ration (for sale, 20 zorkmids). You see here a bubbly potion (for sale, 67 zorkmids). You see here a tripe ration (for sale, 20 zorkmids). "For you, good lady; only 20 zorkmids for this tripe ration." You have a little trouble lifting C - a tripe ration (unpaid, 20 zorkmids). A tripe ration for 20 zorkmids. Pay? [yn] (n) n There is nothing here to pick up. A tripe ration for 20 zorkmids. Pay? [yn] (n) y You bought a tripe ration for 20 gold pieces. "Thank you for shopping in Abitibi's general store!" You see here a bubbly potion (for sale, 67 zorkmids). (For instructions type a '?') Call a bubbly potion: 50 bub You see here a long sword (for sale, 20 zorkmids). You see here a lock pick (for sale, 27 zorkmids). "For you, good lady; only 27 zorkmids for this lock pick." You have a little trouble lifting D - a lock pick (unpaid, 27 zorkmids). Wait! That's a small mimic! You miss the small mimic. You hear the footsteps of a guard on patrol. The small mimic hits! You lash the small mimic. You lash the small mimic. You miss the small mimic. You lash the small mimic. The small mimic hits! You lash the small mimic. The small mimic hits! You lash the small mimic. The small mimic hits! You die... Abitibi comes and takes all your possessions. Do you want to see what you had when you died? [ynq] (y) y Do you want to see your attributes? [ynq] (y) y Do you want an account of creatures vanquished? [ynaq] (y) y Do you want to see your conduct and achievements? [ynq] (y) y Do you want to see the dungeon overview? [ynq] (y) y Inventory: Weapons l - an uncursed +0 boomerang k - an uncursed +0 dagger a - a blessed +2 bullwhip (weapon in right hand) Armor c - an uncursed +0 fedora u - an uncursed +0 orcish helm (being worn) j - an uncursed +0 studded leather armor (being worn) Comestibles q - an uncursed clove of garlic d - 5 uncursed food rations A - an uncursed tripe ration C - an uncursed tripe ration Potions p - an uncursed potion of gain energy o - a cursed potion of restore ability n - an uncursed potion of water Rings s - an uncursed ring of cold resistance h - an uncursed ring of searching Wands r - an uncursed wand of light (0:10) Tools w - an uncursed sack containing 2 items x - an uncursed blindfold D - an uncursed lock pick t - an uncursed tinning kit (0:30) Gems/Stones i - a cursed jasper stone g - an uncursed touchstone Contents of the sack: a blessed potion of enlightenment an uncursed +0 pick-axe Elenmirie the Archeologist's attributes: Background: You were a Field Worker, a level 4 female gnomish Archeologist. You were neutral, on a mission for Camaxtli who was opposed by Quetzalcoatl (lawful) and Huhetotl (chaotic). You were right-handed. You were in the Dungeons of Doom, on level 4. You entered the dungeon 2085 turns ago. You had 80 experience points, 80 more were needed to attain level 5. Basics: You had 0 out of 29 hit points. You had all 32 energy points (spell power). Your armor class was 6. Your wallet was empty. Autopickup was on, but temporarily disabled while inside the shop. Final Characteristics: Your strength was 9 (limit:18/50). Your dexterity was 12 (limit:18). Your constitution was 12 (limit:18). Your intelligence was 16 (limit:19). Your wisdom was 18 (limit:18). Your charisma was 10 (limit:18). Final Status: You weren't hungry. You were burdened; movement was slightly slowed. You were wielding a whip. You had basic skill with whip. Final Attributes: You were devoutly aligned. You had automatic searching. You had infravision. You were warded. You are dead. Miscellaneous: You never encountered a bones level. Total elapsed playing time was 29 minutes. Major events: Turn 1: elenmirie the neutral female gnomish Archeologist entered the dungeon 1085: entered the Gnomish Mines 1260: attained the rank of Field Worker (level 3) 2085: killed by a small mimic Vanquished creatures: a little dog 3 homunculi an acid blob a hobbit 2 giant rats a yellow mold a red mold 2 jackals 2 foxes 3 kobolds 2 goblins 4 grid bugs a bat 3 lichens 6 newts 33 creatures vanquished. No species were genocided or became extinct. Voluntary challenges: You were illiterate. You never engraved Elbereth. You never genocided any monsters. You never polymorphed an object. You never changed form. You used no wishes. Achievements: You entered the Gnomish Mines. You attained the rank of Field Worker. You entered a shop. The Dungeons of Doom: levels 1 to 4 Level 1: A fountain. Level 2: Stairs down to The Gnomish Mines. Level 3: Level 4: <- You were here. A general store. Final resting place for you, killed by a small mimic. The Gnomish Mines: Level 3: Game over: ---------- / \ / REST \ / IN \ / PEACE \ / \ | elenmirie | | 0 Au | | killed by a | | small mimic | | | | | | 2024 | *| * * * | * _________)/\\_//(\/(/\)/\//\/|_)_______ Goodbye elenmirie the Archeologist... You died in The Dungeons of Doom on dungeon level 4 with 480 points, and 0 pieces of gold, after 2085 moves. You were level 4 with a maximum of 29 hit points when you died.